 Dungeon Crawl Stone Soup version 0.23.2-1-ga50397a (webtiles) character file.

Game seed: 7857742602998464244

103 Fang the Skirmisher (level 4, 0/43 HPs)
             Began as a Gargoyle Berserker on May 31, 2019.
             Was a Believer of Trog.
             Slain by Robin
             ... wielding a +6 mace of crushing
              (1 damage)
             ... on level 3 of the Dungeon.
             The game lasted 00:01:41 (1607 turns).

Fang the Skirmisher (Gargoyle Berserker)            Turns: 1607, Time: 00:01:42

Health: 0/43       AC:  5    Str: 26    XL:     4   Next: 79%
Magic:  4/4        EV: 12    Int:  8    God:    Trog [**....]
Gold:   113        SH:  0    Dex:  9    Spells: 3/3 levels left

rFire    . . .     SeeInvis .   a - +0 hand axe
rCold    . . .     Gourm    .   (no shield)
rNeg     + . .     Faith    .   b - +0 animal skin
rPois    ∞         Spirit   .   (no helmet)
rElec    +         Reflect  .   (no cloak)
rCorr    .         Harm     .   (no gloves)
MR       .....                  (no boots)
Stlth    ..........             (no amulet)
HPRegen  0.14/turn              (no ring)
MPRegen  0.09/turn              (no ring)

@: berserking, very quick
A: negative energy resistance 1, electricity resistance, unbreathing,
petrification resistance, rot immunity, AC +3
a: Berserk, Trog's Hand, Renounce Religion


You were on level 3 of the Dungeon.
You worshipped Trog.
Trog was pleased with you.
You were very hungry.

You visited 1 branch of the dungeon, and saw 3 of its levels.

You collected 113 gold pieces.

Inventory:

Hand Weapons
 a - a +0 hand axe (weapon)
Armour
 b - a +0 animal skin (worn)
Jewellery
 m - an uncursed ring of positive energy {unknown}
 o - an uncursed ring of stealth {unknown}
Scrolls
 d - a scroll of teleportation {unknown}
 e - 2 scrolls of noise {unknown}
 h - 2 scrolls of magic mapping {unknown}
 l - 2 scrolls of identify {unknown}
Potions
 g - a potion of might {unknown}
 i - a potion of ambrosia {unknown}
 j - a potion of curing {unknown}
 k - a potion of haste {unknown}
 n - a potion of resistance {unknown}
Comestibles
 c - 8 rations
 f - a chunk of flesh


   Skills:
 + Level 4.1 Fighting
 + Level 3.3 Axes
 + Level 3.2 Armour
 + Level 2.3 Dodging


You had 3 spell levels left.
You didn't know any spells.
Your spell library was empty.

Dungeon Overview and Level Annotations

Branches:
Dungeon (3/15)

Altars:

Annotations:
D:3 Robin


Innate Abilities, Weirdness & Mutations

You are resistant to torment.
Your stone body is resilient. (AC +3)
You are immune to poison.
You resist negative energy. (rN+)
You are resistant to electric shocks. (rElec)
You can survive without breathing.
You are immune to petrification.
You are immune to rotting.


Message History

You kill the goblin!
Trog accepts your kill.
You slash the hobgoblin!
You kill the hobgoblin!
Trog accepts your kill.
The kobold throws a stone.
The stone barely misses you. Robin closely misses you.
You closely miss Robin.
Robin is lightly wounded.
You barely miss Robin.
Robin is lightly wounded.
Robin hits you with a +6 mace of crushing!
* * * LOW HITPOINT WARNING * * *
You barely miss Robin.
Robin is lightly wounded.
You hit Robin but do no damage.
Robin is lightly wounded.
Robin hits you with a +6 mace of crushing!
* * * LOW HITPOINT WARNING * * *
You die...

..###########
...w(.)†)...#
#..)@)K..#
##.).g.#.#
#.....#
#######


You could see a worm, Robin and a kobold.

Vanquished Creatures
  Jessica (D:2)
  2 adders (D:2)
  A dart slug (D:1)
  A leopard gecko (D:2)
  4 giant cockroaches (D:1)
  10 goblins
  9 hobgoblins
  3 jackals (D:2)
  2 quokkas (D:2)
  5 bats
  2 frilled lizards
  6 kobolds
  5 rats
51 creatures vanquished.

Notes
Turn   | Place    | Note
-------+----------+-------------------------------------------
     0 | D:1      | Fang the Gargoyle Berserker began the quest for the Orb.
     0 | D:1      | Reached XP level 1. HP: 14/14 MP: 1/1
   143 | D:1      | Reached XP level 2. HP: 19/19 MP: 2/2
   928 | D:2      | Reached XP level 3. HP: 23/23 MP: 3/3
   934 | D:2      | Reached ** piety under Trog
  1043 | D:2      | Reached XP level 4. HP: 20/29 MP: 4/4
  1191 | D:2      | Noticed Jessica
  1205 | D:2      | Killed Jessica
  1205 | D:2      | Reached skill level 4 in Fighting
  1595 | D:3      | Noticed Robin
  1607 | D:3      | HP: 1/43 [Robin/+6 mace of crushing (10)]
  1607 | D:3      | Slain by Robin

Skill      XL: |  1  2  3  4 |
---------------+-------------+-----
Axes           | 3 |  3.3
Dodging        | 2 |  2.3
Fighting       | 4 |  4.1
Armour         | 3 |  3.2

Action                   |  1- 3 |  4- 6 || total
-------------------------+-------+-------++-------
Melee: Hand axe          |   107 |    46 ||   153
Invok: Berserk           |       |     1 ||     1
 Stab: Sleeping          |     1 |       ||     1
  Eat: Chunk             |     1 |     1 ||     2
Armor: Animal skin       |    44 |    18 ||    62
Dodge: Dodged            |    83 |    39 ||   122
